 Dungeon Crawl Stone Soup version 0.20-a0-303-g575bbf7 (webtiles) character file.

972 nubinia the Grave Robber (level 8, -5/38 HPs)
             Began as a Vine Stalker Necromancer on Dec 17, 2016.
             Splashed by a jelly's acid (7 damage)
             ... on level 6 of the Dungeon.
             The game lasted 00:22:11 (3723 turns).

nubinia the Grave Robber (Vine Stalker Necromancer) Turns: 3723, Time: 00:22:12

Health: -5/38      AC:  3    Str: 16    XL:     8   Next: 16%
Magic:  0/17       EV: 13    Int: 17    God:
Gold:   215        SH:  0    Dex: 15    Spells: 5/18 levels left

rFire  . . .     SeeInvis .     z - +0 flail (curse)
rCold  . . .     Gourm    .     a - +0 robe
rNeg   . . .     Faith    .     (no shield)
rPois  .         Spirit   +     (no helmet)
rElec  .         Reflect  .     (no cloak)
rCorr  .         Harm     .     (no gloves)
MR     +....                    q - +0 pair of boots
Stlth  +++.......               (no amulet)
                                s - +3 ring of slaying
                                w - ring of wizardry

@: mighty, about to teleport, very slightly contaminated, hasted, very quick
A: fangs 3, regeneration 1, magic shield, antimagic bite, no device heal 3, rot
immunity
a: no special abilities


You were on level 6 of the Dungeon.
You were hungry.

You visited 1 branch of the dungeon, and saw 6 of its levels.

You collected 215 gold pieces.

Inventory:

Hand Weapons
 e - a +1 club
 o - a +0 blowgun
 x - the +6 hand axe "Quyqul" {chop, Fragile +Rage rElec, unknown}
   (You found it on level 5 of the Dungeon)

   It inflicts extra damage upon your enemies.
   It insulates you from electricity.
   It lets you go berserk.
   It will be destroyed if unequipped.
 z - a cursed +0 flail (weapon)
 B - a cursed +0 whip
Missiles
 j - 5 tomahawks of returning (quivered)
 t - 11 poisoned needles
Armour
 a - a +0 robe (worn)
 q - a +0 pair of boots (worn)
Jewellery
 f - an uncursed ring of fire
 p - an uncursed ring of poison resistance
 s - a +3 ring of slaying (right hand)
 u - an uncursed ring of ice
 v - an uncursed ring of flight
 w - a ring of wizardry (left hand)
 P - an uncursed ring of positive energy
Wands
 g - a wand of digging (6/24)
 y - a wand of teleportation (3/9)
Scrolls
 h - 2 scrolls of teleportation
 i - a scroll of remove curse
 k - a scroll of enchant armour {unknown}
 n - 2 scrolls of enchant weapon
 C - a scroll of fear {unknown}
Potions
 A - a potion of flight
 D - a potion of lignification
Books
 b - a book of Necromancy

   Spells                             Type                      Level
   a - Pain                           Necromancy                   1
   b - Animate Skeleton               Necromancy                   1
   c - Vampiric Draining              Necromancy                   3
   d - Regeneration                   Charms/Necromancy            3
   e - Animate Dead                   Necromancy                   4
   f - Control Undead                 Necromancy                   4
Comestibles
 c - 7 bread rations
 l - 4 beef jerkies
 m - 4 meat rations


   Skills:
 + Level 1.7 Fighting
 + Level 3.1 Maces & Flails
 + Level 2.5 Dodging
 + Level 4.1 Stealth
 + Level 5.9 Spellcasting
 + Level 6.0 Necromancy


You had 5 spell levels left.
You knew the following spells:

 Your Spells              Type           Power        Failure   Level  Hunger
a - Pain                  Necr           ####         1%          1    None
b - Vampiric Draining     Necr           ####......   1%          3    ##.....
c - Control Undead        Necr           ####......   4%          4    ####...
D - Animate Dead          Necr           N/A          4%          4    ####...
S - Animate Skeleton      Necr           N/A          1%          1    None


Dungeon Overview and Level Annotations

Branches:
Dungeon (5/15)
 Temple: D:4-7

Altars:
Dithmenos
Fedhas
Kikubaaqudgha
Okawaru
Trog


Innate Abilities, Weirdness & Mutations

You have razor-sharp teeth.
Your natural rate of healing is unusually fast.
When hurt, damage is shared between your health and your magic reserves.
Your bite disrupts and absorbs the magic of your enemies.
Potions and wands cannot restore your health.
You are immune to rotting.


Message History

Confirm with . or Enter, or press ? or * to list all spells.
Aiming: Vampiric Draining
Press: ? - help, Shift-Dir - straight line, f - jelly
Aim: a jelly The jelly is moderately wounded.
You feel life coursing into your body. The jelly hits you.
You are splashed with acid!
The acid burns!
* * * LOW HITPOINT WARNING * * *
Your orc zombie barely misses the ogre.
Your orc zombie hits the jelly with a hand axe.
Your orc zombie is burned by acid!
Your orc zombie crumbles into dust!
The shadow imp shouts, "Quit, thou tottering kobold-kissing whey-face!"
As you read the scroll of teleportation, it crumbles to dust.
You feel strangely unstable.
The ogre hits you with a giant spiked club.
* * * LOW HITPOINT WARNING * * *
The jelly hits you.
* * * LOW HITPOINT WARNING * * *
You are splashed with acid!
The acid burns!
You die...

#)####.####
#..........
#)#..#.### .
#.##.# .. #...(#
... #.##.# ....
###+##(######5....
#.........)J..##'#
#.........@Oo.'...
#..........o..##.#
+..>..........'...
#.............##.#
#..........$..# #
#.............#
#.............#
.............#


You could see an ogre, a jelly, an orc wizard, a shadow imp and an orc.

Vanquished Creatures
  Grinder (D:6)
  A sky beast (D:5)
  An ogre (D:6)
  A centaur (D:5)
  A scorpion (D:4)
  A howler monkey (D:4)
  An orc priest (D:4)
  A hound (D:5)
  Jessica (D:2)
  An iguana (D:5)
  3 orc wizards (D:4)
  2 worker ants
  4 adders
  3 worms
  4 dart slugs
  2 leopard geckos
  8 orcs
  7 bats
  3 giant cockroaches
  9 goblins
  3 hobgoblins
  4 jackals (D:3)
  5 kobolds
  A quokka (D:2)
  2 ball pythons
  6 frilled lizards
  5 rats
81 creatures vanquished.

Vanquished Creatures (collateral kills)
  2 scorpions
  A leopard gecko (D:1)
  An orc (D:4)
  A bat (D:1)
  A frilled lizard (D:1)
6 creatures vanquished.

Grand Total: 87 creatures vanquished

Notes
Turn   | Place    | Note
-------+----------+-------------------------------------------
     0 | D:1      | nubinia the Vine Stalker Necromancer began the quest for the Orb.
     0 | D:1      | Reached XP level 1. HP: 9/9 MP: 4/4
     2 | D:1      | Learned a level 1 spell: Animate Skeleton
   184 | D:1      | Reached XP level 2. HP: 10/13 MP: 3/6
   856 | D:1      | Reached XP level 3. HP: 13/16 MP: 4/8
   861 | D:1      | Learned a level 3 spell: Vampiric Draining
  1656 | D:2      | Found an ancient bone altar of Kikubaaqudgha.
  1657 | D:2      | Noticed Jessica
  1667 | D:2      | Killed Jessica
  1667 | D:2      | Gained mutation: Your natural rate of healing is unusually fast. [Vine Stalker growth]
  1667 | D:2      | Reached XP level 4. HP: 20/21 MP: 9/9
  2078 | D:3      | Found a blossoming altar of Fedhas.
  2090 | D:3      | Learned a level 4 spell: Control Undead
  2218 | D:3      | Found an iron altar of Okawaru.
  2219 | D:3      | Found a bloodstained altar of Trog.
  2261 | D:3      | Found a shadowy altar of Dithmenos.
  2611 | D:3      | Reached XP level 5. HP: 14/25 MP: 4/11
  2631 | D:3      | Reached skill level 1 in Maces & Flails
  2738 | D:4      | Reached skill level 1 in Fighting
  2738 | D:4      | Reached skill level 5 in Necromancy
  2867 | D:4      | Reached XP level 6. HP: 19/30 MP: 3/13
  3125 | D:4      | Learned a level 4 spell: Animate Dead
  3419 | D:5      | Entered Level 5 of the Dungeon
  3452 | D:5      | Reached XP level 7. HP: 28/33 MP: 15/15
  3497 | D:5      | Reached skill level 5 in Spellcasting
  3516 | D:5      | Got a twisted hand axe
  3669 | D:5      | You fall through a shaft!
  3696 | D:6      | Noticed Grinder
  3696 | D:6      | Paralysed by Grinder for 7 turns
  3709 | D:6      | Killed Grinder
  3709 | D:6      | Reached skill level 6 in Necromancy
  3709 | D:6      | Gained mutation: You have razor-sharp teeth. [Vine Stalker growth]
  3709 | D:6      | Reached XP level 8. HP: 21/38 MP: 7/17
  3723 | D:6      | Splashed by a jelly's acid

Vault maps used:
D:1:      eino_arrival_cavern_a, kennysheep_decorative_pillar
D:2:      kiku_gazebo_garden_becter, uniq_jessica
D:3:      grunt_temple_overflow_open, overflow_temple_1_default,
          lemuel_crystal_altar, first_bread, minmay_strange_pillars
D:6:      lightli_sewer_entry_pipes, uniq_edmund, uniq_grinder, uniq_duvessa,
          uniq_prince_ribbit1

Skill      XL: |  1  2  3  4  5  6  7 |
---------------+----------------------+-----
Spellcasting   | 3 4 5 |  5.9
Maces & Flails | 1 3 |  3.1
Fighting       | 1 |  1.7
Dodging        | 2 |  2.5
Necromancy     | 5 6 |  6.0
Stealth        | 3 4 |  4.1

Action                   |  1- 3 |  4- 6 |  7- 9 || total
-------------------------+-------+-------+-------++-------
Melee: Club              |    34 |    63 |       ||    97
       Bite              |     6 |    24 |     6 ||    36
       Flail             |       |    26 |    23 ||    49
 Cast: Pain              |    35 |    46 |     5 ||    86
       Animate Skeleton  |    18 |    18 |     1 ||    37
       Animate Dead      |       |     3 |     4 ||     7
       Vampiric Draining |       |       |     3 ||     3
  Use: Scroll            |     4 |     5 |     1 ||    10
       Potion            |       |       |     2 ||     2
 Stab: Sleeping          |     4 |     3 |     2 ||     9
       Distracted        |       |     1 |       ||     1
  Eat: Chunk             |     3 |     6 |     2 ||    11
Armor: Robe              |     8 |    10 |     3 ||    21
Dodge: Dodged            |    30 |    72 |    10 ||   112
